 Dungeon Crawl Stone Soup version 0.18.1-8-gdd0e5ea (webtiles) character file.

1361 Gargoyl the Covered (level 8, -5/63 HPs)
             Began as a Demonspawn Abyssal Knight on June 3, 2016.
             Was a Priest of Lugonu.
             Slain by an ogre
             ... wielding a +0 giant club
              (15 damage)
             ... on level 6 of the Dungeon.
             The game lasted 00:11:00 (6937 turns).

Gargoyl the Covered (Demonspawn Abyssal Knight)     Turns: 6937, Time: 00:11:00

Health: -5/63      AC: 14    Str: 18    XL:     8   Next: 37%
Magic:  18/18      EV: 10    Int: 17    God:    Lugonu [***...]
Gold:   291        SH:  0    Dex: 12    Spells: 0 memorised, 7 levels left

rFire  . . .     SeeInvis .     a - +1 hand axe
rCold  . . .     Gourm    .     d - +0 plate armour
rNeg   . . .     Faith    .     (no shield)
rPois  +         Spirit   .     e - +0 helmet
rElec  .         Dismiss  .     (no cloak)
rCorr  .         Reflect  .     (no gloves)
SustAt +         Harm     .     (no boots)
MR     +....                    (no amulet)
Stlth  ..........               y - ring of sustain attributes
                                b - ring of Harmony {+Blink rPois MP+9 Str+4}

@: repel missiles, somewhat resistant to hostile enchantments, extremely
unstealthy
A: claws 2, repulsion field 3, blurry vision 1, clever 1, magic resistance 1,
rot immunity
a: Depart the Abyss, Bend Space, Banish, Renounce Religion, Evoke Blink


You were on level 6 of the Dungeon.
You worshipped Lugonu.
Lugonu was most pleased with you.
You were not hungry.

You visited 1 branch of the dungeon, and saw 7 of its levels.
You visited the Abyss 1 time.

You collected 291 gold pieces.

Inventory:

Hand Weapons
 a - a +1 hand axe (weapon)
 l - a +0 flail
Missiles
 w - 3 javelins (quivered)
Armour
 d - a +0 plate armour (worn)
 e - a +0 helmet (worn)
Jewellery
 b - the ring of Harmony (left claw) {+Blink rPois MP+9 Str+4}
   (You found it on level 3 of the Abyss)

   [ring of poison resistance]

   It affects your strength (+4).
   It protects you from poison.
   It affects your magic capacity (+9).
   It lets you blink.
 y - a ring of sustain attributes (right claw)
Wands
 g - a wand of polymorph (1/24)
 s - a wand of iceblast (7/15)
Scrolls
 h - a scroll of immolation {unknown}
 k - 2 scrolls of magic mapping {unknown}
 o - 2 scrolls of teleportation {unknown}
 p - 2 scrolls of random uselessness {unknown}
 r - a scroll of fear {unknown}
 t - a scroll of remove curse
 x - a scroll of blinking {unknown}
 z - a scroll of identify
 B - a scroll of holy word {unknown}
Potions
 f - a potion of magic
 i - a potion of flight {unknown}
 j - a potion of might {unknown}
 m - a potion of brilliance
 n - a potion of cancellation {unknown}
 q - 4 potions of curing {unknown}
 u - a potion of cure mutation
Comestibles
 c - 4 bread rations
 v - a meat ration


   Skills:
 + Level 5.6 Fighting
 + Level 4.6 Axes
 + Level 0.1(2.8) Maces & Flails
 * Level 6.9 Armour
 + Level 2.1 Dodging
 + Level 0.2 Stealth
 + Level 2.6 Invocations
 + Level 0.2 Evocations


You had 7 spell levels left.
You didn't know any spells.

Dungeon Overview and Level Annotations

Branches:
Dungeon (7/15)
 Temple: D:4-7

Altars:
Ashenzari
Dithmenos
Elyvilon
Kikubaaqudgha
Okawaru
Pakellas
Vehumet

Annotations:
D:5 Prince Ribbit
Abyss:1 Joseph


Innate Abilities, Weirdness & Mutations

You have very sharp fingernails.
You are surrounded by a strong repulsion field (EV +4, rMsl).
You are immune to rotting.
Scrolls take you a little longer to read.
Your mind is acute. (Int +2)
You are resistant to hostile enchantments.


Message History

The ogre is heavily wounded.
The ogre hits you with a giant club!!
* * * LOW HITPOINT WARNING * * *
You hit the ogre.
The ogre is heavily wounded.
There is an open door here.
The ogre closely misses you.
Press: ? - help, Shift-Dir - straight line, f - ogre
Aim: an ogre, wielding a giant club (heavily wounded, chance to defeat MR: 81%)
You fail to use your ability.
Press: ? - help, Shift-Dir - straight line, f/p - ogre
Aim: an ogre, wielding a giant club (heavily wounded, chance to defeat MR: 81%)
You fail to use your ability.
The ogre closely misses you.
Press: ? - help, Shift-Dir - straight line, f/p - ogre
Aim: an ogre, wielding a giant club (heavily wounded, chance to defeat MR: 81%)
You fail to use your ability.
The ogre misses you.
Press: ? - help, Shift-Dir - straight line, f/p - ogre
Aim: an ogre, wielding a giant club (heavily wounded, chance to defeat MR: 81%)
You fail to use your ability.
The ogre hits you with a giant club!
You die...

##############
#.....##.....# ##
#....[##.....####.
#>...[''....(...'.
#....[##......###.
#.....##......# #.
#.###########.# #.
###O#.....# #.###.
#..@..###.#####..###
#.....#.............
#.....#.#.######..##
#.....[.....# ##...
####.......#.#.#
#.##
#..............#
#...
#........###.###
#... #...####.# #.#
###... #........#
#.# #....รท


You could see an ogre.

Vanquished Creatures
  The ghost of nipodemus the Magician, a novice OpWz (D:4)
  3 giant frogs
  A howler monkey (D:6)
  3 crimson imps
  A centaur skeleton (D:4)
  A giant frog skeleton (D:6)
  A hound (D:7)
  An orc priest (D:3)
  Jessica (D:3)
  An iguana (D:4)
  3 orc wizards
  6 worker ants
  10 adders
  3 oozes
  An adder zombie (D:6)
  An adder skeleton (D:6)
  A worm (D:6)
  3 giant geckos
  16 orcs
  2 ball pythons
  4 giant cockroaches
  6 hobgoblins
  12 jackals
  A quokka (D:6)
  6 bats
  A giant gecko skeleton (D:4)
  4 giant newts
  6 goblins
  8 kobolds
  7 rats
115 creatures vanquished.

Notes
Turn   | Place    | Note
--------------------------------------------------------------
     0 | Abyss:1  | Gargoyl the Demonspawn Abyssal Knight began the quest for the Orb.
     0 | Abyss:1  | Reached XP level 1. HP: 18/18 MP: 2/2
    38 | Abyss:3  | Noticed a neqoxec
    82 | Abyss:3  | Noticed a sky beast
    84 | Abyss:3  | Noticed a ynoxinul
    85 | Abyss:3  | Noticed a starcursed mass
    87 | Abyss:3  | Got a scintillating lead ring
    88 | D:1      | Escaped the Abyss
    89 | D:1      | Identified the ring of Harmony {+Blink rPois MP+9 Str+4} (You found it on level 3 of the Abyss)
   666 | D:1      | Reached skill level 2 in Armour
   666 | D:1      | Gained mutation: You are immune to rotting. [demonic ancestry]
   666 | D:1      | Reached XP level 2. HP: 24/24 MP: 3/3
   838 | D:1      | Reached * piety under Lugonu
  1046 | D:1      | Gained mutation: You have sharp fingernails. [demonic ancestry]
  1046 | D:1      | Reached XP level 3. HP: 23/29 MP: 4/4
  1313 | D:1      | Reached skill level 1 in Dodging
  1817 | D:2      | Found a radiant altar of Vehumet.
  1856 | D:2      | Found an iron altar of Okawaru.
  2199 | D:2      | Gained mutation: You are surrounded by a mild repulsion field (EV +2). [demonic ancestry]
  2199 | D:2      | Reached XP level 4. HP: 35/37 MP: 5/5
  2636 | D:3      | Found a shadowy altar of Dithmenos.
  2769 | D:3      | Reached skill level 3 in Armour
  2863 | D:3      | Noticed Jessica
  2869 | D:3      | Killed Jessica
  2921 | D:3      | Gained mutation: You are surrounded by a moderate repulsion field (EV +3). [demonic ancestry]
  2921 | D:3      | Reached XP level 5. HP: 39/42 MP: 6/6
  3053 | D:3      | Reached ** piety under Lugonu
  3288 | D:3      | Found a white marble altar of Elyvilon.
  3670 | D:4      | Found an ancient bone altar of Kikubaaqudgha.
  3681 | D:4      | Noticed nipodemus's ghost (novice OpWz)
  3714 | D:4      | Killed nipodemus's ghost
  3714 | D:4      | Reached skill level 4 in Armour
  3714 | D:4      | Gained mutation: You have very sharp fingernails. [demonic ancestry]
  3714 | D:4      | Reached XP level 6. HP: 15/49 MP: 7/7
  4431 | D:4      | Reached skill level 5 in Armour
  4431 | D:4      | Reached XP level 7. HP: 43/55 MP: 8/8
  5007 | D:5      | Entered Level 5 of the Dungeon
  5200 | D:5      | Noticed Prince Ribbit
  5488 | D:6      | Reached skill level 5 in Fighting
  5979 | D:6      | Reached skill level 6 in Armour
  6146 | D:6      | Gained mutation: You are surrounded by a strong repulsion field (EV +4, rMsl). [demonic ancestry]
  6146 | D:6      | Reached XP level 8. HP: 56/62 MP: 9/9
  6347 | D:6      | Found an oddly glowing altar of Pakellas.
  6348 | D:6      | Found a shattered altar of Ashenzari.
  6405 | D:6      | Reached *** piety under Lugonu
  6721 | D:7      | Noticed Joseph
  6740 | D:7      | Gained mutation: You are resistant to hostile enchantments. [potion of mutation]
  6740 | D:7      | Gained mutation: Scrolls take you a little longer to read. [potion of mutation]
  6740 | D:7      | Gained mutation: Your mind is acute. (Int +2) [potion of mutation]
  6742 | D:7      | Banished Joseph
  6937 | D:6      | Slain by an ogre

Skill      XL: |  1  2  3  4  5  6  7 |
---------------+----------------------+-----
Armour         | 2 3 4 5 6 |  6.9
Dodging        | 1 2 |  2.1
Axes           | 2 3 4 |  4.6
Fighting       | 4 5 |  5.6
Maces & Flails | |  0.1
Stealth        | |  0.2
Invocations    | |  2.6
Evocations     | |  0.2

Action                   |  1- 3 |  4- 6 |  7- 9 || total
-------------------------+-------+-------+-------++-------
Melee: Hand axe          |   192 |   190 |   260 ||   642
       Flail             |       |       |    23 ||    23
Invok: Depart the Abyss  |     1 |       |       ||     1
       Banish            |       |       |     1 ||     1
Evoke: Wand              |       |     1 |     2 ||     3
  Use: Potion            |       |     3 |     3 ||     6
       Scroll            |       |     3 |       ||     3
  Eat: Chunk             |     4 |     8 |     7 ||    19
       Beef jerky        |       |       |     1 ||     1
Armor: Plate armour      |   187 |   121 |   214 ||   522
       Skin              |       |    16 |       ||    16
Dodge: Dodged            |    67 |    78 |   179 ||   324
       Deflected         |       |       |     4 ||     4
